PAAA
ALLOWAY HALBERDS @ PAWNEE PARKSNREC
07/16/2017
 
TOP OF THE 1ST
Alloway Halberds batting - Pitching for Pawnee ParksNRec : LHP Jim Unknown
Pitching: LHP Jim Unknown
Batting: RHB Orlando López 0-0: Called Strike
0-1: Ball
1-1: Fly out, F8 (Flyball, 8RD)
Batting: SHB Brent Gaines 0-0: Ball
1-0: Ball
2-0: Swinging Strike
2-1: Swinging Strike
2-2: Ground out 5-3 (Groundball, 56)
Batting: RHB Juan Martínez 0-0: Foul Ball, location: 2F
0-1: Ball
1-1: Ground out 6-3 (Groundball, 6)
Top of the 1st over - 0 run(s), 0 hit(s), 0 error(s), 0 left on base; Alloway 0 - Pawnee 0
BOTTOM OF THE 1ST
Pawnee ParksNRec batting - Pitching for Alloway Halberds : RHP Jim Unknown
Pitching: RHP Jim Unknown
Batting: LHB Jim Unknown 0-0: Ball
1-0: Called Strike
1-1: Ground out 4-3 (Groundball, 4)
Batting: LHB Jim Unknown 0-0: Ball
1-0: Ball
2-0: Foul Ball, location: 2F
2-1: Called Strike
2-2: Strikes out swinging
Batting: RHB Jim Unknown 0-0: Ground out 5-3 (Groundball, 56)
Bottom of the 1st over - 0 run(s), 0 hit(s), 0 error(s), 0 left on base; Alloway 0 - Pawnee 0
TOP OF THE 2ND
Alloway Halberds batting - Pitching for Pawnee ParksNRec : LHP Jim Unknown
Batting: RHB Frank Carter 0-0: Ball
1-0: Swinging Strike
1-1: Ball
2-1: Fly out, F6 (Popup, 6)
Batting: LHB Matt Lee 0-0: Called Strike
0-1: Ball
1-1: DOUBLE (Line Drive, 9LS)
Batting: LHB Jack Robbins 0-0: Called Strike
0-1: Ball
1-1: Foul Ball, location: 2F
1-2: 2-RUN HOME RUN (Flyball, 8RXD), Distance : 448 ft
Batting: RHB Bill Stewart 0-0: Ball
1-0: Ball
2-0: Called Strike
2-1: Swinging Strike
2-2: Fly out, F8 (Flyball, 8RM)
Batting: RHB Raúl Robles 0-0: SINGLE (Groundball, 25) (infield hit)
Batting: RHB Brian Williams 0-0: Ball
1-0: Swinging Strike
1-1: Called Strike
1-2: Strikes out swinging
Top of the 2nd over - 2 run(s), 3 hit(s), 0 error(s), 1 left on base; Alloway 2 - Pawnee 0
BOTTOM OF THE 2ND
Pawnee ParksNRec batting - Pitching for Alloway Halberds : RHP Jim Unknown
Batting: RHB Jim Unknown 0-0: Ball
1-0: Ball
2-0: Fly out, F3 (Popup, 3SF)
Batting: SHB Jim Unknown 0-0: Ball
1-0: Swinging Strike
1-1: Foul Ball, location: 2F
1-2: Foul Ball, location: 2F
1-2: Foul Ball, location: 2F
1-2: Ball
2-2: Strikes out swinging
Batting: LHB Jim Unknown 0-0: Called Strike
0-1: Swinging Strike
0-2: Strikes out looking
Bottom of the 2nd over - 0 run(s), 0 hit(s), 0 error(s), 0 left on base; Alloway 2 - Pawnee 0
TOP OF THE 3RD
Alloway Halberds batting - Pitching for Pawnee ParksNRec : LHP Jim Unknown
Batting: RHB Orlando López 0-0: Called Strike
0-1: Called Strike
0-2: SINGLE (Line Drive, 7LS)
Batting: SHB Brent Gaines 0-0: Called Strike
0-1: Ball
1-1: Called Strike
1-2: Foul Ball, location: 2F
1-2: Ball
2-2: Ball
3-2: Fly out, F7 (Flyball, 7M)
Batting: RHB Juan Martínez 0-0: Called Strike
0-1: Called Strike
0-2: Ball
Orlando López steals 2nd base
1-2: Strikes out swinging
Batting: RHB Frank Carter 0-0: Called Strike
0-1: Foul Ball, location: 2F
0-2: Strikes out looking
Top of the 3rd over - 0 run(s), 1 hit(s), 0 error(s), 1 left on base; Alloway 2 - Pawnee 0
BOTTOM OF THE 3RD
Pawnee ParksNRec batting - Pitching for Alloway Halberds : RHP Jim Unknown
Batting: RHB Jim Unknown 0-0: Called Strike
0-1: Ground out 5-3 (Groundball, 56)
Batting: LHB Jim Unknown 0-0: Called Strike
0-1: Ball
1-1: Foul Ball, location: 2F
1-2: Ball
2-2: Ball
3-2: Foul Ball, location: 2F
3-2: Foul Ball, location: 2F
3-2: Base on Balls
Batting: RHB Jim Unknown 0-0: Swinging Strike
0-1: Ball
1-1: Called Strike
1-2: Strikes out swinging
Batting: LHB Jim Unknown 0-0: Ball
1-0: Ball
2-0: Ball
3-0: Base on Balls
Jim Unknown to second
Batting: LHB Jim Unknown 0-0: SINGLE (Line Drive, 34)
Jim Unknown to third
Jim Unknown to second
Runner from 3rd tries for Home, SAFE, no throw or cutoff
Batting: RHB Jim Unknown 0-0: Ball
1-0: Swinging Strike
1-1: Ball
2-1: Swinging Strike
2-2: Ball
3-2: Strikes out swinging
Bottom of the 3rd over - 1 run(s), 1 hit(s), 0 error(s), 2 left on base; Alloway 2 - Pawnee 1
TOP OF THE 4TH
Alloway Halberds batting - Pitching for Pawnee ParksNRec : LHP Jim Unknown
Batting: LHB Matt Lee 0-0: Ball
1-0: Ball
2-0: Ball
3-0: Base on Balls
Batting: LHB Jack Robbins 0-0: Called Strike
0-1: Ball
1-1: Ball
2-1: Foul Ball, location: 2F
2-2: Foul Ball, location: 2F
2-2: Strikes out looking
Batting: RHB Bill Stewart 0-0: Ball
1-0: Ball
2-0: Called Strike
2-1: Swinging Strike
2-2: Strikes out swinging
Batting: RHB Raúl Robles 0-0: Called Strike
0-1: Ground out 6-3 (Groundball, 6)
Top of the 4th over - 0 run(s), 0 hit(s), 0 error(s), 1 left on base; Alloway 2 - Pawnee 1
BOTTOM OF THE 4TH
Pawnee ParksNRec batting - Pitching for Alloway Halberds : RHP Jim Unknown
Batting: RHB Jim Unknown 0-0: Ball
1-0: Foul Ball, location: 2F
1-1: SINGLE (Line Drive, 4MD)
Batting: SHB Jim Unknown 0-0: Ball
1-0: Called Strike
1-1: Ball
2-1: Ball
3-1: Base on Balls
Jim Unknown to second
Batting: LHB Jim Unknown 0-0: Ball
1-0: Foul Ball, location: 2F
1-1: Swinging Strike
1-2: Ball
2-2: Foul Ball, location: 2F
2-2: Strikes out swinging
Batting: RHB Jim Unknown 0-0: Ball
1-0: Ball
2-0: DOUBLE (Line Drive, 5D)
Jim Unknown scores
Jim Unknown to third
Batting: LHB Jim Unknown 0-0: Fly out, F6 (Popup, 56D)
Batting: RHB Jim Unknown 0-0: Called Strike
0-1: Called Strike
0-2: Strikes out looking
Bottom of the 4th over - 1 run(s), 2 hit(s), 0 error(s), 2 left on base; Alloway 2 - Pawnee 2
TOP OF THE 5TH
Alloway Halberds batting - Pitching for Pawnee ParksNRec : LHP Jim Unknown
Batting: RHB Brian Williams 0-0: Ball
1-0: Ball
2-0: Called Strike
2-1: Foul Ball, location: 2F
2-2: Strikes out swinging
Batting: RHB Orlando López 0-0: Called Strike
0-1: Ball
1-1: Ball
2-1: Hit by Pitch
Batting: SHB Brent Gaines 0-0: Ball
1-0: Swinging Strike
1-1: DOUBLE (Flyball, 78M)
Orlando López to third
Runner from 3rd tries for Home, throw and OUT!
Batting: RHB Juan Martínez 0-0: Ball
1-0: Foul Ball, location: 2F
1-1: Swinging Strike
1-2: Foul Ball, location: 2F
1-2: Ball
2-2: SINGLE (Groundball, 6)
Brent Gaines to third
Runner from 3rd tries for Home, SAFE, no throw or cutoff
Batting: RHB Frank Carter 0-0: Foul Ball, location: 2F
0-1: Called Strike
0-2: Strikes out looking
Top of the 5th over - 1 run(s), 2 hit(s), 0 error(s), 1 left on base; Alloway 3 - Pawnee 2
BOTTOM OF THE 5TH
Pawnee ParksNRec batting - Pitching for Alloway Halberds : RHP Jim Unknown
Batting: LHB Jim Unknown 0-0: Called Strike
0-1: SINGLE (Flyball, 7S)
Batting: LHB Jim Unknown 0-0: Sac Bunt - play at first, batter OUT! 1-4
Jim Unknown to second
Batting: RHB Jim Unknown 0-0: Ball
1-0: Called Strike
1-1: Swinging Strike
1-2: Foul Ball, location: 2F
1-2: Foul Ball, location: 2F
1-2: Foul Ball, location: 2F
1-2: Strikes out swinging
Batting: RHB Jim Unknown 0-0: DOUBLE (Line Drive, 8LS)
Jim Unknown scores
Batting: SHB Jim Unknown 0-0: Ball
1-0: Called Strike
1-1: Hit by Pitch
Batting: LHB Jim Unknown 0-0: Called Strike
0-1: Ball
1-1: Ball
2-1: Ball
3-1: Swinging Strike
3-2: Strikes out swinging
Bottom of the 5th over - 1 run(s), 2 hit(s), 0 error(s), 2 left on base; Alloway 3 - Pawnee 3
TOP OF THE 6TH
Alloway Halberds batting - Pitching for Pawnee ParksNRec : LHP Jim Unknown
Batting: LHB Matt Lee 0-0: Ball
1-0: Ground out U3 (Groundball, 3L)
Batting: LHB Jack Robbins 0-0: Ball
1-0: Ball
2-0: Foul Ball, location: 2F
2-1: Foul Ball, location: 2F
2-2: Strikes out swinging
Batting: RHB Bill Stewart 0-0: Ball
1-0: Called Strike
1-1: Ball
2-1: Ball
3-1: SINGLE (Line Drive, 8LS)
Batting: RHB Raúl Robles 0-0: Ground out U3 (Groundball, 3S)
Top of the 6th over - 0 run(s), 1 hit(s), 0 error(s), 1 left on base; Alloway 3 - Pawnee 3
BOTTOM OF THE 6TH
Pawnee ParksNRec batting - Pitching for Alloway Halberds : RHP Jim Unknown
Batting: RHB Jim Unknown 0-0: Foul Ball, location: 2F
0-1: Ball
1-1: Ball
2-1: Ball
3-1: Foul Ball, location: 2F
3-2: Foul Ball, location: 2F
3-2: Fly out, F4 (Line Drive, 4)
Batting: LHB Jim Unknown 0-0: Called Strike
0-1: Foul Ball, location: 2F
0-2: Fly out, F8 (Flyball, 8LXD)
Batting: RHB Jim Unknown 0-0: Ball
1-0: Swinging Strike
1-1: DOUBLE (Line Drive, 9LM)
Pitching: LHP Henry Simpson
Batting: LHB Jim Unknown 0-0: Ground out 4-3 (Groundball, 4)
Bottom of the 6th over - 0 run(s), 1 hit(s), 0 error(s), 1 left on base; Alloway 3 - Pawnee 3
TOP OF THE 7TH
Alloway Halberds batting - Pitching for Pawnee ParksNRec : LHP Jim Unknown
Batting: RHB Brian Williams 0-0: Called Strike
0-1: Foul Ball, location: 2F
0-2: Strikes out swinging
Batting: RHB Orlando López 0-0: Called Strike
0-1: Swinging Strike
0-2: Ground out 6-3 (Groundball, 6)
Batting: SHB Brent Gaines 0-0: Called Strike
0-1: DOUBLE (Flyball, 9M)
Batting: RHB Juan Martínez 0-0: Ball
1-0: Fly out, F9 (Line Drive, 89S)
Top of the 7th over - 0 run(s), 1 hit(s), 0 error(s), 1 left on base; Alloway 3 - Pawnee 3
BOTTOM OF THE 7TH
Pawnee ParksNRec batting - Pitching for Alloway Halberds : LHP Henry Simpson
Batting: LHB Jim Unknown 0-0: Ball
1-0: Called Strike
1-1: Ball
2-1: Ball
3-1: Swinging Strike
3-2: Foul Ball, location: 2F
3-2: Foul Ball, location: 2F
3-2: Strikes out swinging
Batting: RHB Jim Unknown 0-0: Ball
1-0: Ball
2-0: Fly out, F9 (Flyball, 9M)
Batting: RHB Jim Unknown 0-0: Fly out, F8 (Flyball, 8LS)
Bottom of the 7th over - 0 run(s), 0 hit(s), 0 error(s), 0 left on base; Alloway 3 - Pawnee 3
TOP OF THE 8TH
Alloway Halberds batting - Pitching for Pawnee ParksNRec : LHP Jim Unknown
Batting: RHB Frank Carter 0-0: Ball
1-0: Ball
2-0: Foul Ball, location: 2F
2-1: Foul Ball, location: 2F
2-2: Ball
3-2: Ground out 4-3 (Groundball, 34)
Pitching: RHP Jim Unknown
Batting: LHB Matt Lee 0-0: Ball
1-0: Ball
2-0: Ball
3-0: Called Strike
3-1: Base on Balls
Pinch Hitting: LHB Al Byers 0-0: Swinging Strike
0-1: Ball
1-1: Ball
2-1: Foul Ball, location: 2F
2-2: Ball
3-2: SINGLE (Line Drive, 4D)
Matt Lee to second
Runner from 2nd tries for 3rd, SAFE, throw made to third
Pinch Hitting: LHB Mathew Rose 0-0: 3-RUN HOME RUN (Flyball, 9D), Distance : 401 ft
Pitching: RHP Jim Unknown
Batting: RHB Raúl Robles 0-0: Ball
1-0: Foul Ball, location: 2F
1-1: Called Strike
1-2: Foul Ball, location: 2F
1-2: Foul Ball, location: 2F
1-2: Ball
2-2: Foul Ball, location: 2F
2-2: Foul Ball, location: 2F
2-2: Ball
3-2: Strikes out swinging
Batting: RHB Brian Williams 0-0: Ball
1-0: Ball
2-0: Foul Ball, location: 2F
2-1: Called Strike
2-2: Strikes out swinging
Top of the 8th over - 3 run(s), 2 hit(s), 0 error(s), 0 left on base; Alloway 6 - Pawnee 3
BOTTOM OF THE 8TH
Pawnee ParksNRec batting - Pitching for Alloway Halberds : LHP Henry Simpson
Now at 1B: Tony Quintana
Now at 2B: Al Byers
Now at 3B: Mark Davis
Now at SS: Neil Ladner
Now in LF: Pedro Orozco
Batting: SHB Jim Unknown 0-0: Ball
1-0: Foul Ball, location: 2F
1-1: Ball
2-1: Swinging Strike
2-2: Foul Ball, location: 2F
2-2: Strikes out looking
Batting: LHB Jim Unknown 0-0: Called Strike
0-1: Swinging Strike
0-2: Strikes out swinging
Batting: RHB Jim Unknown 0-0: Called Strike
0-1: Ball
1-1: Ball
2-1: Swinging Strike
2-2: Ball
3-2: Base on Balls
Batting: LHB Jim Unknown 0-0: Called Strike
0-1: Ball
1-1: Fielders Choice at 2nd, U6 (Groundball, 6M)
Bottom of the 8th over - 0 run(s), 0 hit(s), 0 error(s), 1 left on base; Alloway 6 - Pawnee 3
TOP OF THE 9TH
Alloway Halberds batting - Pitching for Pawnee ParksNRec : RHP Jim Unknown
Batting: RHB Orlando López 0-0: Ball
1-0: Called Strike
1-1: Ball
2-1: Foul Ball, location: 2F
2-2: Ball
3-2: Foul Ball, location: 2F
3-2: Strikes out looking
Batting: SHB Brent Gaines 0-0: Ball
1-0: Fly out, F8 (Flyball, 8LM)
Batting: RHB Pedro Orozco 0-0: Ball
1-0: Swinging Strike
1-1: Foul Ball, location: 2F
1-2: Foul Ball, location: 2F
1-2: Strikes out looking
Top of the 9th over - 0 run(s), 0 hit(s), 0 error(s), 0 left on base; Alloway 6 - Pawnee 3
BOTTOM OF THE 9TH
Pawnee ParksNRec batting - Pitching for Alloway Halberds : LHP Henry Simpson
Pitching: RHP Manuel Reyes
Batting: RHB Jim Unknown 0-0: Ball
1-0: Called Strike
1-1: Swinging Strike
1-2: Strikes out looking
Batting: LHB Jim Unknown 0-0: Ball
1-0: Ball
2-0: Ball
3-0: Base on Balls
Batting: LHB Jim Unknown 0-0: SINGLE (Groundball, 3D)
Jim Unknown to second
Runner from 2nd tries for 3rd, SAFE, throw made to third
Pinch Hitting: LHB Jim Unknown 0-0: Swinging Strike
0-1: Swinging Strike
0-2: Ball
1-2: Foul Ball, location: 2F
1-2: Ball
2-2: Ball
3-2: Base on Balls
Jim Unknown to second
Pinch Hitting: RHB Jim Unknown 0-0: Ball
1-0: Called Strike
1-1: Called Strike
1-2: Ball
2-2: SINGLE (Line Drive, 34)
Jim Unknown scores
Jim Unknown to third
Jim Unknown to second
Batting: SHB Jim Unknown 0-0: Ball
1-0: Swinging Strike
1-1: Ball
2-1: Ground out 3-1 (Groundball, 34S)
Jim Unknown scores
Jim Unknown to third
Jim Unknown to second
Pitching: LHP Jim Unknown
Batting: LHB Jim Unknown 0-0: Ball
1-0: Called Strike
1-1: Ground out 4-3 (Groundball, 13)
Bottom of the 9th over - 2 run(s), 2 hit(s), 0 error(s), 2 left on base; Alloway 6 - Pawnee 5
This league is powered by Out of the Park Baseball, the baseball management simulation game for PC, Mac and Linux
Saturday, February 27th, 2021 - OOTP Baseball 15.6 Build 34